[Event "Turning Torso Chess Event 2021"]
[Site "Malmoe"]
[Date "2021.08.22"]
[Round "16.2"]
[White "Schussler, Harry"]
[Black "Pantzar, Milton"]
[Result "1/2-1/2"]
[ECO "D37"]
[WhiteElo "2410"]
[BlackElo "2424"]
[Annotator "ChessBase"]
[PlyCount "39"]
[EventDate "2021.08.20"]
[EventType "tourn"]
[EventCountry "SWE"]
[SourceTitle "playchess.com"]
[Source "ChessBase"]
[SourceQuality "1"]
[TimeControl "900+5"]

1. d4 d5 2. Nf3 Nf6 3. c4 e6 4. Nc3 h6 5. Bf4 Bd6 6. Bxd6 Qxd6 7. e3 O-O 8. Rc1 a6 9. a3 Qe7 10. Be2 dxc4 11. Bxc4 b5 12. Be2 c5 13. dxc5 Rd8 14. Qc2 Qxc5 15. Nd5 Qxc2 16. Nxf6+ gxf6 17. Rxc2 Bb7 18. O-O Nc6 19. Rfc1 Rac8 20. Kf1 1/2-1/2

[Event "Turning Torso Chess Event 2021"]
[Site "Malmoe"]
[Date "2021.08.22"]
[Round "10.1"]
[White "Blomqvist, Erik"]
[Black "Hector, Jonny"]
[Result "1-0"]
[ECO "B00"]
[WhiteElo "2537"]
[BlackElo "2465"]
[Annotator "RC"]
[PlyCount "89"]
[EventDate "2021.08.20"]
[EventType "tourn"]
[EventCountry "SWE"]
[SourceTitle "playchess.com"]
[Source "ChessBase"]
[SourceQuality "1"]
[TimeControl "900+5"]

1. e4 Nc6 2. d4 d5 3. e5 Bf5 4. c3 e6 5. Nd2 f6 6. f4 g5 7. Ndf3 fxe5 8. Nxe5 Nxe5 9. fxe5 g4 10. Bd3 Bxd3 11. Qxd3 Qd7 12. Ne2 O-O-O 13. O-O h5 14. Qg6 Bh6 15. Rf7 Qe8 16. Bf4 Rd7 17. Rg7 Qf8 18. Rxg8 Rxg8 19. Qxh6 Qe8 20. Bg3 Rh8 21. Qg5 Rf7 22. Bh4 Qb5 23. Qd2 Rhh7 24. Nf4 Qc6 25. Rf1 b6 26. b3 Kb7 27. Qd3 Rf5 28. Bf6 h4 29. Nxe6 Rxf1+ 30. Kxf1 Qxe6 31. Qxh7 g3 32. hxg3 hxg3 33. Qg6 a5 34. a4 c5 35. Ke2 cxd4 36. cxd4 Qc6 37. Kd2 b5 38. axb5 Qxb5 39. Qxg3 a4 40.
bxa4 Qb2+ 41. Ke3 Qc3+ 42. Kf4 Qxd4+ 43. Kf5 Qe4+ 44. Ke6 d4 45. Qf3 1-0

[Event "Turning Torso Chess Event 2021"]
[Site "Malmoe"]
[Date "2021.08.22"]
[Round "13.2"]
[White "Hector, Jonny"]
[Black "Brynell, Stellan"]
[Result "1-0"]
[ECO "C02"]
[WhiteElo "2465"]
[BlackElo "2422"]
[Annotator "RC"]
[PlyCount "71"]
[EventDate "2021.08.20"]
[EventType "tourn"]
[EventCountry "SWE"]
[SourceTitle "playchess.com"]
[Source "ChessBase"]
[SourceQuality "1"]
[TimeControl "900+5"]

1. e4 e6 2. d4 d5 3. e5 c5 4. c3 Nc6 5. Nf3 Bd7 6. Bd3 Rc8 7. O-O cxd4 8.
Re1 Qb6 9. Nbd2 Nge7 10. Rb1 Ng6 11. Nb3 dxc3 12. bxc3 Qc7 13. Nbd4 a6 14. Qe2 Be7 15. g3 O-O 16. h4 b5 17. Nxc6 Qxc6 18.
h5 Nh8 19. Qc2 g6 20. Rb3 b4 21. Qd2 bxc3 22. Qh6 f5 23. exf6 Bxf6 24. hxg6 Nxg6 25. Bxg6 hxg6 26. Ng5 Bxg5 27. Qxg6+ Kh8 28.
Qh5+ Kg8 29. Qxg5+ Kf7 30. Qh5+ Kg8 31. Re5 Rf5 32. Qg6+ Kh8 33. Bf4 Rcf8 34. Rxf5 Rxf5 35. Rb8+ Bc8 36. Bh6 1-0

[Event "Turning Torso Chess Event 2021"]
[Site "Malmoe"]
[Date "2021.08.22"]
[Round "16.3"]
[White "Grandelius, Nils"]
[Black "Smith, Axel"]
[Result "1-0"]
[ECO "A20"]
[WhiteElo "2666"]
[BlackElo "2451"]
[Annotator "ChessBase"]
[PlyCount "91"]
[EventDate "2021.08.20"]
[EventType "tourn"]
[EventCountry "SWE"]
[SourceTitle "playchess.com"]
[Source "ChessBase"]
[SourceQuality "1"]
[TimeControl "900+5"]

1. c4 e5 2. d3 Bb4+ 3. Nd2 Nf6 4. Ngf3 Nc6 5. g3 O-O 6. Bg2 Re8 7. O-O a5 8. a3 Bxd2 9. Bxd2 e4 10. Ng5 exd3 11. exd3 Nd4 12. Nf3 Nxf3+ 13. Qxf3 c6 14. Rfe1 d6 15. Bc3 Rxe1+ 16. Rxe1 Be6 17. Qf4 d5 18. c5 a4 19. h3 Nd7 20. Bd4 Qf8 21. Qe3 Re8 22. g4 f6 23.
Qc1 Bf7 24. Rxe8 Bxe8 25. Qe3 Bg6 26. f4 Qe8 27. Kf2 Qxe3+ 28. Kxe3 Bf7 29. Kd2 Kf8 30. Bf3 Ke8 31. Bd1 Nf8 32. f5 Nd7 33.
Bxa4 g6 34. fxg6 Bxg6 35. Bd1 Ke7 36. Ke3 Ke6 37. b4 Be8 38.
a4 Nb8 39. Bc3 Na6 40. d4 Nc7 41. Be1 Bg6 42. Bg3 Na6 43. b5 Nb4 44. Kd2 cxb5 45. axb5 Kd7 46. Bb3 1-0

[Event "Turning Torso Chess Event 2021"]
[Site "Malmoe"]
[Date "2021.08.22"]
[Round "16.4"]
[White "Hellers, Ferdinand"]
[Black "Hector, Jonny"]
[Result "0-1"]
[ECO "D02"]
[WhiteElo "2592"]
[BlackElo "2465"]
[Annotator "ChessBase"]
[PlyCount "72"]
[EventDate "2021.08.20"]
[EventType "tourn"]
[EventCountry "SWE"]
[SourceTitle "playchess.com"]
[Source "ChessBase"]
[SourceQuality "1"]
[TimeControl "900+5"]

1. Nf3 d5 2. d4 Nf6 3. Bf4 c5 4. e3 Nc6 5. Nbd2 cxd4 6.
exd4 Bf5 7. c3 e6 8. Be2 Bd6 9. Bxd6 Qxd6 10. O-O h6 11. Nb3 O-O 12. Bd3 Be4 13. Qe2 Bxd3 14. Qxd3 Ne4 15. Rae1 a5 16. Nbd2 f5 17. g3 a4 18. a3 b5 19. Qe3 Na5 20. Ne5 Nc4 21. Ndxc4 bxc4 22. Re2 Rab8 23. Rfe1 Rb6 24. f3 Nf6 25. Ng6 Re8 26. Qf2 Nd7 27. Nf4 Nf8 28. h4 g6 29. Re5 Rb5 30. g4 fxg4 31. fxg4 Re7 32. Qc2 Rg7 33. h5 gxh5 34. Nxh5 Rxg4+ 35. Kf1 Qe7 36. Qf2 Rg6 0-1

[Event "Turning Torso Chess Event 2021"]
[Site "Malmoe"]
[Date "2021.08.22"]
[Round "10.3"]
[White "Schussler, Harry"]
[Black "Agrest, Evgenij"]
[Result "1/2-1/2"]
[ECO "D02"]
[WhiteElo "2410"]
[BlackElo "2568"]
[Annotator "RC"]
[PlyCount "88"]
[EventDate "2021.08.20"]
[EventType "tourn"]
[EventCountry "SWE"]
[SourceTitle "playchess.com"]
[Source "ChessBase"]
[SourceQuality "1"]
[TimeControl "900+5"]

1. d4 d5 2. Nf3 Nf6 3. Bf4 c5 4. e3 Nc6 5. c3 Nh5 6. Be5 f6 7. Bg3 e6 8. Nbd2 g6 9. Be2 cxd4 10. cxd4 Be7 11. O-O O-O 12. Rc1 Nxg3 13. hxg3 Kg7 14. e4 dxe4 15. Nxe4 f5 16. Nc5 Bf6 17. Bc4 Re8 18. d5 exd5 19. Bxd5 Qb6 20. Na4 Qa6 21. Qb3 Rd8 22. Rfd1 Ne7 23. Nc5 Qb6 24. Ne6+ Bxe6 25. Bxe6 Bxb2 26. Qxb6 axb6 27. Rxd8 Rxd8 28. Rc7 Kf6 29. Bb3 Rd6 30. Rxb7 Ba3 31. Ne5 b5 32. Rxb5 Ra6 33. f4 Nc6 34. Nxc6 Rxc6 35. Kf2 h6 36. Rb7 g5 37. Rb5 Bc5+ 38. Kf3 Bd4 39. Rd5 Rc3+ 40. Ke2 Bg1 41. Rd3 Rxd3 42. Kxd3 Bh2 43. fxg5+ hxg5 44. Ke2 Bxg3 1/2-1/2

[Event "Turning Torso Chess Event 2021"]
[Site "Malmoe"]
[Date "2021.08.22"]
[Round "13.4"]
[White "Westerberg, Jonathan"]
[Black "Pantzar, Milton"]
[Result "1/2-1/2"]
[ECO "B13"]
[WhiteElo "2526"]
[BlackElo "2424"]
[Annotator "RC"]
[PlyCount "78"]
[EventDate "2021.08.20"]
[EventType "tourn"]
[EventCountry "SWE"]
[SourceTitle "playchess.com"]
[Source "ChessBase"]
[SourceQuality "1"]
[TimeControl "900+5"]

1. e4 c6 2. d4 d5 3. exd5 cxd5 4. c4 Nf6 5. Nc3 Nc6 6. Nf3 a6 7. h3 Be6 8. cxd5 Bxd5 9. Nxd5 Qxd5 10. Be2 e6 11. O-O Be7 12. Be3 O-O 13.
a3 Rfd8 14. Rc1 Rac8 15. Bc4 Qh5 16. Qe2 Nd5 17. b4 b5 18.
Bb3 Nxe3 19. fxe3 a5 20. d5 exd5 21. Qxb5 Qh6 22. Kh1 Qxe3 23. Rxc6 Rxc6 24. Qxc6 Qxb3 25. bxa5 Qxa3 26. a6 Rd6 27. Qe8+ Bf8 28. Ne5 Rf6 29. Rxf6 gxf6 30. Qxf7+ Kh8 31. Qxf6+ Kg8 32. Qe6+ Kh8 33. Qf6+ Kg8 34. Nd7 Qc1+ 35. Kh2 Qc7+ 36. Ne5 Bd6 37. Qg5+ Kf8 38. Qf6+ Kg8 39. Qe6+ Kf8 1/2-1/2

[Event "Turning Torso Chess Event 2021"]
[Site "Malmoe"]
[Date "2021.08.22"]
[Round "16.5"]
[White "Brynell, Stellan"]
[Black "Blomqvist, Erik"]
[Result "0-1"]
[ECO "B22"]
[WhiteElo "2422"]
[BlackElo "2537"]
[Annotator "ChessBase"]
[PlyCount "84"]
[EventDate "2021.08.20"]
[EventType "tourn"]
[EventCountry "SWE"]
[SourceTitle "playchess.com"]
[Source "ChessBase"]
[SourceQuality "1"]
[TimeControl "900+5"]

1. e4 c5 2. c3 Nf6 3. e5 Nd5 4. d4 cxd4 5. Nf3 d6 6. cxd4 Nc6 7. Bc4 Nb6 8.
Bb5 dxe5 9. Nxe5 Bd7 10. Nxd7 Qxd7 11. Nc3 e6 12. O-O Rd8 13. Be3 Be7 14. Rc1 O-O 15. Qf3 Rc8 16. d5 Nxd5 17. Rfd1 a6 18.
Nxd5 exd5 19. Rxd5 Qe6 20. Bf1 Bf6 21. Rdc5 Bxb2 22. R1c2 Nd4 23. Bxd4 Bxd4 24. Rxc8 Rxc8 25. Qd5 Bxf2+ 26.
Kh1 Rf8 27. Qxe6 fxe6 28. Bc4 Rf6 29. g3 Kf8 30. Bb3 Bd4 31.
Rc8+ Ke7 32. Rc7+ Kd6 33. Rxb7 Rf1+ 34. Kg2 Rf2+ 35. Kh3 h5 36. Rb8 e5 37. Rd8+ Ke7 38. Rg8 e4 39. Rh8 e3 40. Bc4 e2 41.
Bxe2 Rxe2 42. Rxh5 Rxa2 0-1

[Event "Turning Torso Chess Event 2021"]
[Site "Malmoe"]
[Date "2021.08.22"]
[Round "10.4"]
[White "Westerberg, Jonathan"]
[Black "Smith, Axel"]
[Result "1-0"]
[ECO "B23"]
[WhiteElo "2526"]
[BlackElo "2451"]
[Annotator "RC"]
[PlyCount "67"]
[EventDate "2021.08.20"]
[EventType "tourn"]
[EventCountry "SWE"]
[SourceTitle "playchess.com"]
[Source "ChessBase"]
[SourceQuality "1"]
[TimeControl "900+5"]

1. e4 c5 2. Nc3 g6 3. f4 Bg7 4. Nf3 Nc6 5. Bb5 Nd4 6. O-O Nxb5 7. Nxb5 d6 8.
d3 Nf6 9. Nc3 b6 10. Qe1 Bb7 11. Qh4 Qd7 12. a4 d5 13. e5 d4 14. Ne2 Nd5 15. c3 Ne3 16. Bxe3 dxe3 17. d4 Qd5 18. f5 Qe4 19. fxg6 hxg6 20. Qg3 Bh6 21. a5 O-O 22. a6 Bc6 23. h4 Kg7 24. Ng5 Bxg5 25. Qxg5 Rh8 26. Rf4 Qc2 27. Qxe7 Raf8 28. Qf6+ Kg8 29. Qxc6 Qxe2 30. e6 Qd2 31. exf7+ Kh7 32. h5 gxh5 33. Qe4+ Kh6 34. Rf6+ 1-0

[Event "Turning Torso Chess Event 2021"]
[Site "Malmoe"]
[Date "2021.08.22"]
[Round "13.5"]
[White "Smith, Axel"]
[Black "Schussler, Harry"]
[Result "1/2-1/2"]
[ECO "D36"]
[WhiteElo "2451"]
[BlackElo "2410"]
[Annotator "ChessBase"]
[PlyCount "52"]
[EventDate "2021.08.20"]
[EventType "tourn"]
[EventCountry "SWE"]
[SourceTitle "playchess.com"]
[Source "ChessBase"]
[SourceQuality "1"]
[TimeControl "900+5"]

1. d4 Nf6 2. c4 e6 3. Nc3 d5 4. cxd5 exd5 5. Bg5 c6 6. Qc2 Be7 7. e3 Nbd7 8. Bd3 Nf8 9. Nge2 Ne6 10. Bh4 g6 11. O-O O-O 12. Rad1 b6 13.
f3 Bb7 14. Bf2 c5 15. dxc5 bxc5 16. Bc4 Qa5 17. Nxd5 Nxd5 18. Bxd5 Bxd5 19. Rxd5 Qxa2 20. Nc3 Qa6 21. Rd7 Bf6 22. Nd5 Bg7 23. Nc7 Qc6 24. Nxe6 Qxd7 25. Nxf8 Bxf8 26. e4 Rb8 1/2-1/2

[Event "Turning Torso Chess Event 2021"]
[Site "Malmoe"]
[Date "2021.08.22"]
[Round "17.1"]
[White "Blomqvist, Erik"]
[Black "Agrest, Evgenij"]
[Result "1/2-1/2"]
[ECO "B13"]
[WhiteElo "2537"]
[BlackElo "2568"]
[Annotator "ChessBase"]
[PlyCount "67"]
[EventDate "2021.08.20"]
[EventType "tourn"]
[EventCountry "SWE"]
[SourceTitle "playchess.com"]
[Source "ChessBase"]
[SourceQuality "1"]
[TimeControl "900+5"]

1. e4 c6 2. d4 d5 3. exd5 cxd5 4. Bd3 Nc6 5. c3 Nf6 6. Bf4 Bg4 7. Qb3 Qc8 8. Nd2 e6 9. Ngf3 Nh5 10. Be5 f6 11. Bg3 g6 12. O-O-O Bh6 13.
Be2 Nf4 14. Bxf4 Bxf4 15. Kb1 O-O 16. Nf1 b5 17. g3 Bh6 18. h3 Bxf3 19. Bxf3 Rb8 20. Ne3 Bxe3 21. fxe3 Na5 22. Qb4 Nc4 23. e4 dxe4 24. Bxe4 Qd7 25. Rhe1 a5 26. Qb3 Qd6 27. Bd3 Rfc8 28. Qc2 Kf7 29. Qe2 Rb6 30. g4 Qd5 31. Be4 Qd6 32. Bd3 Qd5 33. Be4 Qd6 34. Bd3 1/2-1/2

[Event "Turning Torso Chess Event 2021"]
[Site "Malmoe"]
[Date "2021.08.22"]
[Round "17.2"]
[White "Pantzar, Milton"]
[Black "Brynell, Stellan"]
[Result "1-0"]
[ECO "E15"]
[WhiteElo "2424"]
[BlackElo "2422"]
[Annotator "ChessBase"]
[PlyCount "103"]
[EventDate "2021.08.20"]
[EventType "tourn"]
[EventCountry "SWE"]
[SourceTitle "playchess.com"]
[Source "ChessBase"]
[SourceQuality "1"]
[TimeControl "900+5"]

1. d4 Nf6 2. c4 e6 3. Nf3 b6 4. g3 Ba6 5. b3 Bb7 6. Bg2 Bb4+ 7. Bd2 a5 8.
O-O O-O 9. Bc3 d5 10. Bb2 Be7 11. Nc3 c5 12. cxd5 Nxd5 13. dxc5 Nxc3 14. Bxc3 Bxc5 15. Rc1 Qe7 16. Qc2 Ra7 17. Bd4 Na6 18. Bxc5 Nxc5 19. Rfd1 Be4 20. Qb2 Rd7 21. Ne5 Rxd1+ 22. Rxd1 Rd8 23. Rxd8+ Qxd8 24. Bxe4 Qd1+ 25. Kg2 Nxe4 26. Nc4 f6 27. f3 Nd6 28. Nxb6 h5 29. Nc4 Nxc4 30. bxc4 Kf7 31. c5 Qd5 32. Qc2 Qc6 33. Qc4 a4 34. a3 Ke7 35. Kf2 g5 36. h4 gxh4 37. gxh4 Qc7 38. Ke3 Qe5+ 39. Kd3 Qb2 40. Qxa4 Qb1+ 41. Qc2 Qa1 42. a4 Kd7 43. c6+ Kc7 44. Qc4 Qd1+ 45. Ke4 Qd6 46. Qb5 f5+ 47. Ke3 Qa3+ 48. Kf2 Kd6 49. Qd3+ Qxd3 50. exd3 f4 51. Ke2 Kxc6 52. Kd2 1-0

[Event "Turning Torso Chess Event 2021"]
[Site "Malmoe"]
[Date "2021.08.22"]
[Round "14.2"]
[White "Pantzar, Milton"]
[Black "Blomqvist, Erik"]
[Result "1-0"]
[ECO "E11"]
[WhiteElo "2424"]
[BlackElo "2537"]
[Annotator "RC"]
[PlyCount "91"]
[EventDate "2021.08.20"]
[EventType "tourn"]
[EventCountry "SWE"]
[SourceTitle "playchess.com"]
[Source "ChessBase"]
[SourceQuality "1"]
[TimeControl "900+5"]

1. d4 Nf6 2. c4 e6 3. Nf3 Bb4+ 4. Nbd2 O-O 5. a3 Be7 6. e4 d6 7. Be2 Nfd7 8. b4 e5 9. d5 a5 10. Bb2 c5 11. b5 Nb6 12. Qc2 f5 13.
exf5 Bxf5 14. Bd3 Bxd3 15. Qxd3 N8d7 16. Ne4 Qe8 17. Ke2 Qg6 18. Rag1 Rf4 19. Nfd2 Raf8 20. f3 Nf6 21. Nxf6+ Qxf6 22. Ne4 Qg6 23. Bc1 R4f7 24. Bd2 Nd7 25. Bxa5 b6 26. Bd2 Ra8 27. h4 Rff8 28. h5 Qf7 29. g4 Ra4 30. g5 Qe8 31. Bc1 Qc8 32. Kd1 Nb8 33.
Rg3 Qf5 34. Kc2 Nd7 35. Kb3 Ra7 36. Rhg1 Kh8 37. Rh1 Rg8 38. Qf1 Raa8 39. Qh3 Raf8 40. h6 g6 41. Bd2 Rf7 42. Qg2 Ra8 43. Ra1 Rff8 44. Qe2 Ra7 45. a4 Rfa8 46. Qe1 1-0

[Event "Turning Torso Chess Event 2021"]
[Site "Malmoe"]
[Date "2021.08.22"]
[Round "17.3"]
[White "Westerberg, Jonathan"]
[Black "Grandelius, Nils"]
[Result "1/2-1/2"]
[ECO "B15"]
[WhiteElo "2526"]
[BlackElo "2666"]
[Annotator "ChessBase"]
[PlyCount "49"]
[EventDate "2021.08.20"]
[EventType "tourn"]
[EventCountry "SWE"]
[SourceTitle "playchess.com"]
[Source "ChessBase"]
[SourceQuality "1"]
[TimeControl "900+5"]

1. e4 c6 2. d4 d5 3. Nc3 dxe4 4. Nxe4 Nf6 5. Nxf6+ exf6 6. Bc4 Na6 7. c3 Nc7 8. Bf4 Nd5 9. Bg3 Be6 10. Bb3 h5 11. h3 h4 12. Bh2 Bd6 13.
Bxd6 Qxd6 14. Ne2 a5 15. Qd2 a4 16. Bc2 b5 17. f4 Nb6 18.
O-O Nc4 19. Qc1 f5 20. b3 Nb6 21. Qe3 O-O 22. Qf2 Qd8 23. Kh2 g6 24. Ng1 Nd5 25. bxa4 1/2-1/2

[Event "Turning Torso Chess Event 2021"]
[Site "Malmoe"]
[Date "2021.08.22"]
[Round "11.2"]
[White "Hector, Jonny"]
[Black "Pantzar, Milton"]
[Result "1-0"]
[ECO "B11"]
[WhiteElo "2465"]
[BlackElo "2424"]
[Annotator "RC"]
[PlyCount "101"]
[EventDate "2021.08.20"]
[EventType "tourn"]
[EventCountry "SWE"]
[SourceTitle "playchess.com"]
[Source "ChessBase"]
[SourceQuality "1"]
[TimeControl "900+5"]

1. e4 c6 2. Nc3 d5 3. Nf3 dxe4 4. Nxe4 Nf6 5. Qe2 Bg4 6. h3 Bh5 7. Nxf6+ gxf6 8. g4 Bg6 9. d3 Nd7 10. Bd2 Nb6 11. Bg2 e6 12. O-O-O Qd5 13. Kb1 O-O-O 14. Nh4 Qb5 15. Nxg6 hxg6 16. c4 Qa4 17. Bc3 e5 18. b3 Qa3 19. d4 Na4 20. Ba1 Qb4 21. dxe5 Bc5 22. e6 Nc3+ 23. Bxc3 Qxc3 24. exf7 Bd4 25. Rxd4 Qxd4 26. Be4 f5 27. gxf5 g5 28. Qe3 a6 29. Bc2 Qxe3 30. fxe3 Rdf8 31. Rg1 Rxh3 32. e4 Re3 33. Rxg5 Rxf7 34. Rg2 Kc7 35. Kc1 Kd6 36. Kd2 Rh3 37. Rg6+ Ke5 38. Re6+ Kd4 39. Rd6+ Ke5 40. Rd8 Rg7 41. Bd3 Rgg3 42. c5 Rg2+ 43. Kc3 Rxa2 44. Re8+ Kf6 45. e5+ Kg5 46. f6 Rf2 47. Rg8+ Kh5 48. Rh8+ Kg4 49. Rxh3 Kxh3 50. Bc4 Rf3+ 51. Kb4 1-0

[Event "Turning Torso Chess Event 2021"]
[Site "Malmoe"]
[Date "2021.08.22"]
[Round "14.4"]
[White "Brynell, Stellan"]
[Black "Smith, Axel"]
[Result "0-1"]
[ECO "D13"]
[WhiteElo "2422"]
[BlackElo "2451"]
[Annotator "RC"]
[PlyCount "180"]
[EventDate "2021.08.20"]
[EventType "tourn"]
[EventCountry "SWE"]
[SourceTitle "playchess.com"]
[Source "ChessBase"]
[SourceQuality "1"]
[TimeControl "900+5"]

1. d4 Nf6 2. Nf3 d5 3. c4 c6 4. cxd5 cxd5 5. Nc3 Nc6 6. Bf4 Nh5 7. Bd2 e6 8. Bg5 Qb6 9. Qd2 h6 10. Bh4 g5 11. g4 Nf6 12. Bg3 Ne4 13.
Qc2 Nxd4 14. Nxd4 Nxg3 15. hxg3 Qxd4 16. e3 Qb4 17. a3 Qa5 18. Bb5+ Bd7 19. Bxd7+ Kxd7 20. O-O Bg7 21. Rfd1 Rac8 22. Qb3 Bxc3 23. bxc3 Qxc3 24. Qxb7+ Rc7 25. Qb5+ Ke7 26. a4 Rhc8 27. Rab1 Qc4 28. Qb2 Qxa4 29. Qg7 Qxg4 30. Qxh6 Qf5 31. Qg7 Qf6 32. Qxf6+ Kxf6 33. Ra1 g4 34. Kg2 Ke5 35. Ra6 Rb8 36. Ra2 Rb6 37. Rd4 f5 38. Rd1 a6 39. Rda1 Rcc6 40. Rd1 Rd6 41. f3 gxf3+ 42. Kxf3 Rdc6 43. Rd3 Kd6 44. Rda3 Ke7 45. g4 fxg4+ 46. Kxg4 Kd6 47. Kf3 Ke5 48. Ke2 Rd6 49. Ra5 Kf5 50. R2a4 Rb2+ 51. Kf3 Rb3 52. Ke2 Rbb6 53. Kf3 Ke5 54. Re4+ Kf6 55. Rea4 Rdc6 56. Ra3 Ke5 57. R3a4 Rc3 58. Ra2 Rbb3 59. Re2 Kf5 60. Kf2 Ra3 61. Ra2 Rxa5 62. Rxa5 Rc6 63. Kf3 Ke5 64. Ke2 Kd6 65. Kd3 Kc7 66. Ra1 Kb6 67. Rb1+ Ka7 68. Ra1 Rc4 69. Ra2 Kb6 70. Rb2+ Kc6 71. Ra2 Kb5 72. Rh2 a5 73. Rh6 Re4 74. Rh8 a4 75. Ra8 Kb4 76. Rb8+ Ka3 77. Rb6 Ka2 78. Rb8 a3 79. Rb6 Ka1 80. Rb8 a2 81. Rb6 Ra4 82. Kc2 Rc4+ 83.
Kd2 e5 84. Rb5 d4 85. e4 Rc3 86. Rb8 Re3 87. Kc2 Rxe4 88. Rh8 Re2+ 89. Kc1 Rb2 90. Re8 d3 0-1

[Event "Turning Torso Chess Event 2021"]
[Site "Malmoe"]
[Date "2021.08.22"]
[Round "17.5"]
[White "Smith, Axel"]
[Black "Hector, Jonny"]
[Result "0-1"]
[ECO "C58"]
[WhiteElo "2451"]
[BlackElo "2465"]
[Annotator "ChessBase"]
[PlyCount "184"]
[EventDate "2021.08.20"]
[EventType "tourn"]
[EventCountry "SWE"]
[SourceTitle "playchess.com"]
[Source "ChessBase"]
[SourceQuality "1"]
[TimeControl "900+5"]

1. e4 e5 2. Nf3 Nc6 3. Bc4 Nf6 4. Ng5 d5 5. exd5 Na5 6.
Bb5+ c6 7. dxc6 bxc6 8. Bd3 Nd5 9. Nf3 Bd6 10. O-O Nf4 11.
Re1 Nxd3 12. cxd3 O-O 13. Nxe5 Bc7 14. Nc3 c5 15. b3 Bb7 16. Bb2 Re8 17. Nf3 Qxd3 18. Re3 Qd7 19. Qe2 Bf4 20. Re1 Bxe3 21.
dxe3 Qc6 22. e4 Qg6 23. Nh4 Qg5 24. Nf3 Qe7 25. Qe3 c4 26.
Qd4 Rad8 27. Nd5 Qf8 28. bxc4 f5 29. Ne5 fxe4 30. Ng4 Kh8 31.
Nge3 Nc6 32. Qc3 Qf7 33. Qa3 Ne5 34. Bxe5 Rxe5 35. Qxa7 Bxd5 36. Qd4 Ree8 37. Nxd5 Qg6 38. Qe3 Qc6 39. Qd4 Qa6 40. Rxe4 Qxa2 41. Rxe8+ Rxe8 42. g3 h6 43. Ne3 Ra8 44. Kg2 Qb1 45. Qd5 Ra1 46. c5 Qh1+ 47. Kh3 Qxd5 48. Nxd5 Rc1 49. Ne3 Rxc5 50. Kg4 Kg8 51. h4 Ra5 52. Kf3 Kf7 53. Kf4 Ke6 54. Kf3 Ra4 55. Ng2 Ke5 56. Ne3 h5 57. Ng2 Ra3+ 58. Ne3 Rb3 59. g4 hxg4+ 60. Kxg4 Kf6 61. Kg3 Ra3 62. Kf4 Ra4+ 63. Kg3 Kg6 64. Ng2 Kf5 65. Ne3+ Ke4 66.
h5 Ke5 67. f3 Kf6 68. f4 Ra3 69. Kf3 Kf7 70. Kf2 Kg8 71. Ng4 Kh7 72. f5 Ra5 73. f6 Rf5+ 74. Ke3 gxf6 75. Ke4 Rf1 76. Ke3 f5 77. Nh2 Rh1 78. Nf3 Rxh5 79. Kf4 Kg6 80. Ke5 Rh8 81. Kf4 Rh1 82. Kg3 Kf6 83. Kf4 Ra1 84. Kg3 Ra4 85. Kf2 Ke6 86. Ke3 Kd5 87. Nd2 f4+ 88. Kf3 Ke5 89. Kg4 Ra8 90. Nf3+ Ke4 91. Nd2+ Kd3 92. Nb3 Ke3 0-1

[Event "Turning Torso Chess Event 2021"]
[Site "Malmoe"]
[Date "2021.08.22"]
[Round "11.4"]
[White "Smith, Axel"]
[Black "Blomqvist, Erik"]
[Result "1/2-1/2"]
[ECO "B27"]
[WhiteElo "2451"]
[BlackElo "2537"]
[Annotator "RC"]
[PlyCount "57"]
[EventDate "2021.08.20"]
[EventType "tourn"]
[EventCountry "SWE"]
[SourceTitle "playchess.com"]
[Source "ChessBase"]
[SourceQuality "1"]
[TimeControl "900+5"]

1. e4 c5 2. Nc3 g6 3. d4 cxd4 4. Qxd4 Nf6 5. Nf3 Nc6 6. Qa4 d6 7. e5 dxe5 8. Nxe5 Bg7 9. Nxc6 bxc6 10. Qxc6+ Bd7 11. Qa6 O-O 12. Be2 Bf5 13. Bd3 Bxd3 14. Qxd3 Qxd3 15. cxd3 Rfd8 16. Ke2 Nd5 17. Nxd5 Rxd5 18. Rb1 Rb8 19. b3 Ra5 20. a3 Rc5 21. Rd1 Rc2+ 22. Rd2 Rc3 23. b4 Bh6 24. Rd1 Bxc1 25. Rdxc1 Rxa3 26. Ra1 Rxa1 27. Rxa1 Rxb4 28. Rxa7 e6 29. Ke3 1/2-1/2

[Event "Turning Torso Chess Event 2021"]
[Site "Malmoe"]
[Date "2021.08.22"]
[Round "14.5"]
[White "Schussler, Harry"]
[Black "Westerberg, Jonathan"]
[Result "1/2-1/2"]
[ECO "D22"]
[WhiteElo "2410"]
[BlackElo "2526"]
[Annotator "RC"]
[PlyCount "205"]
[EventDate "2021.08.20"]
[EventType "tourn"]
[EventCountry "SWE"]
[SourceTitle "playchess.com"]
[Source "ChessBase"]
[SourceQuality "1"]
[TimeControl "900+5"]

1. d4 d5 2. Nf3 Nf6 3. c4 dxc4 4. e3 Bg4 5. Bxc4 e6 6. h3 Bh5 7. O-O a6 8. Nc3 Nc6 9. b3 Bd6 10. Bb2 O-O 11. Be2 Qe8 12. Rc1 Rd8 13.
Nd2 Bxe2 14. Qxe2 e5 15. d5 Ne7 16. e4 Ng6 17. g3 Nd7 18.
Nc4 Bc5 19. Ne3 Ne7 20. Na4 Bd6 21. Nc3 b5 22. a4 Nc5 23.
Qc2 Qd7 24. axb5 axb5 25. Kh2 f5 26. exf5 Nxf5 27. Nxf5 Rxf5 28. Ne4 Nxe4 29. Qxe4 Rdf8 30. Kg2 Qf7 31. Rc2 Rf3 32. Bc1 Rxb3 33.
Be3 Rb4 34. Qd3 Qf3+ 35. Kg1 e4 36. Qe2 Qf5 37. Kg2 Qxd5 38.
Rd1 Qf5 39. Qd2 Qf3+ 40. Kg1 Qf7 41. Bc5 Bxc5 42. Rxc5 Rb3 43. Rdc1 Rd3 44. Qe2 Rd7 45. Rxb5 Kh8 46. Re5 Re7 47. Rcc5 Rd7 48. Rxe4 h6 49. Rce5 Rfd8 50. Re8+ Kh7 51. Rxd8 Rxd8 52. Re7 Qg6 53. Rxc7 Re8 54. Re7 Rxe7 55. Qxe7 Qf5 56. h4 Qb1+ 57. Kg2 Qf5 58. Qe3 Qd5+ 59. Qf3 Qe6 60. Qd3+ Kh8 61. Qd8+ Kh7 62. Qd3+ Kh8 63. Kf3 Qf6+ 64. Ke2 Qe5+ 65. Qe3 Qb5+ 66. Kf3 Qf5+ 67. Kg2 Qd5+ 68. Kg1 Qd1+ 69. Kh2 Qd5 70. g4 Qd6+ 71. Kh3 Qc6 72. h5 Qh1+ 73. Kg3 Qg1+ 74. Kf3 Qd1+ 75. Qe2 Qd5+ 76. Kg3 Qd6+ 77. Kg2 Qd5+ 78. f3 Qd6 79. Qe8+ Kh7 80. Qe4+ Kh8 81. Kh3 Qd1 82. Qa8+ Kh7 83. Qe4+ Kh8 84. Kg3 Qg1+ 85. Kf4 Qc1+ 86. Kf5 Qg5+ 87. Ke6 Qf6+ 88. Kd5 Qf7+ 89. Kd4 Qf6+ 90. Kd3 Qd6+ 91. Qd4 Qa6+ 92. Ke3 Qe6+ 93. Kf2 Qa2+ 94. Kg3 Qa6 95. f4 Qa3+ 96. Kh4 Qf3 97. g5 hxg5+ 98. fxg5 Qh1+ 99. Kg4 Qg2+ 100. Kf5 Qf3+ 101. Kg6 Qc6+ 102. Kf7 Qf3+ 103. Kg6 1/2-1/2

[Event "Turning Torso Chess Event 2021"]
[Site "Malmoe"]
[Date "2021.08.22"]
[Round "18.1"]
[White "Agrest, Evgenij"]
[Black "Pantzar, Milton"]
[Result "1/2-1/2"]
[ECO "A13"]
[WhiteElo "2568"]
[BlackElo "2424"]
[Annotator "ChessBase"]
[PlyCount "36"]
[EventDate "2021.08.20"]
[EventType "tourn"]
[EventCountry "SWE"]
[SourceTitle "playchess.com"]
[Source "ChessBase"]
[SourceQuality "1"]
[TimeControl "900+5"]

1. Nf3 d5 2. e3 Nf6 3. c4 e6 4. b3 b6 5. Bb2 Bb7 6. Nc3 Nbd7 7. cxd5 exd5 8. Rc1 a6 9. Bd3 Bd6 10. Ne2 O-O 11. Bb1 Re8 12. O-O Rc8 13. Bf5 Ra8 14. Qc2 Qe7 15. Ng3 g6 16. Bh3 c5 17. d4 cxd4 18.
Nxd4 Nc5 1/2-1/2